 Dungeon Crawl Stone Soup version 0.28-a0-1374-ga75cb3825e (webtiles) character file.

Game seed: 1702450175649866593

7 frimble the Grasshopper (level 1, 0/16 HPs)
             Began as a Demonspawn Warper on Dec 31, 2021.
             Slain by a jackal (2 damage)
             ... on level 1 of the Dungeon.
             The game lasted 00:00:17 (447 turns).

frimble the Grasshopper (Demonspawn Warper)          Turns: 447, Time: 00:00:17

Health: 0/16       AC:  3    Str: 11    XL:     1   Next: 83%
Magic:  3/3        EV: 11    Int: 14    God:
Gold:   9          SH:  0    Dex: 12    Spells: 4/4 levels left

rFire   . . .      SeeInvis .   a - +0 falchion
rCold   . . .      Faith    .   (no shield)
rNeg    . . .      Spirit   .   b - +0 leather armour
rPois   .          Reflect  .   (no helmet)
rElec   .          Harm     .   (no cloak)
rCorr   .          Rampage  .   (no gloves)
Will    .....                   (no boots)
Stlth   +.........              (no amulet)
HPRegen 0.05/turn               (no ring)
MPRegen 0.08/turn               (no ring)

@: no status effects
A: no striking features
a: no special abilities


You were on level 1 of the Dungeon.
You visited 1 branch of the dungeon, and saw 1 of its levels.

You collected 9 gold pieces.

Inventory:

Hand Weapons
 a - a +0 falchion (weapon)
Missiles
 d - 5 boomerangs of dispersal (quivered)
Armour
 b - a +0 leather armour (worn)
Scrolls
 c - a scroll of blinking
Potions
 e - a potion of curing {unknown}
 f - a potion of mutation {unknown}


   Skills:
 - Level 2.0 Fighting
 + Level 2.1 Long Blades
 - Level 0.8 Throwing
 - Level 0.8 Armour
 + Level 2.1 Dodging
 - Level 2.0 Spellcasting
 - Level 2.6 Translocations


You had 4 spell levels left.
You didn't know any spells.
Your spell library contained the following spells:

 Spells                   Type           Power      Damage    Failure   Level
 Blink                    Tloc           16%        N/A       16%         2
 Gell's Gravitas          Tloc           8%         N/A       30%         3
 Lesser Beckoning         Tloc           8%         N/A       30%         3
 Teleport Other           Tloc           8%         N/A       30%         3
 Sublimation of Blood     Necr           1%         N/A       43%         2
 Wereblood                Tmut           1%         N/A       43%         2
 Manifold Assault         Tloc           8%         N/A       96%         5
 Summon Hydra             Summ           0%         N/A       100%        7


Dungeon Overview and Level Annotations

Branches:
Dungeon (1/15)

Altars:


Message History

The jackal barely misses you. The jackal closely misses you.
The jackal misses you. The jackal closely misses you. x2
The jackal bites you but does no damage.
The jackal barely misses you.
The jackal bites you but does no damage.
The jackal bites you. The jackal barely misses you.
You hit the jackal.
The jackal is heavily wounded.
The jackal bites you. The jackal misses you.
You barely miss the jackal.
The jackal is heavily wounded.
The jackal misses you. The jackal closely misses you.
The jackal barely misses you.
You hit the jackal but do no damage.
The jackal is heavily wounded.
The jackal misses you. x2; The jackal barely misses you. x2
You hit the jackal.
You kill the jackal!
The jackal misses you. The jackal bites you. x2
The jackal bites you but does no damage.
The jackal misses you.
The jackal bites you but does no damage.
You see here a jackal corpse.
The jackal closely misses you. x2
You barely miss the jackal. The jackal closely misses you.
The jackal misses you. The jackal barely misses you.
You miss the jackal.
The jackal bites you but does no damage.
The jackal misses you. The jackal bites you.
The jackal bites you but does no damage.
You hit the jackal.
The jackal is moderately wounded.
The jackal bites you.
* * * LOW HITPOINT WARNING * * *
You hit the jackal.
The jackal is heavily wounded.
The jackal barely misses you. The jackal bites you.
You die...

#.................##
######..............####
#...................#
#.####.......###......
.....$...+#####
######### .⌠≈≈P≈P≈..#..
#.. ≈......⌠..#.########
#.# ≈.####...h#.........
≈ #.≈.@h†........
#.⌠.########### .P......
⌠.P≈≈≈.. ..........
###.####.. #. ### #


You could see 2 jackals.

Vanquished Creatures
  An endoplasm (D:1)
  A hobgoblin (D:1)
  A jackal (D:1)
  A quokka (D:1)
  A frilled lizard (D:1)
  A rat (D:1)
6 creatures vanquished.

Vanquished Creatures (others)
  A fungus (D:1)
1 creature vanquished.

Grand Total: 7 creatures vanquished

Notes
Turn   | Place    | Note
-------+----------+-------------------------------------------
     0 | D:1      | frimble the Demonspawn Warper began the quest for the Orb.
     0 | D:1      | Reached XP level 1. HP: 16/16 MP: 3/3
   447 | D:1      | Slain by a jackal

Illustrated notes

Levels and vault maps discovered:
D:1:      dpeg_arrival_rooms_a, layout_basic,
          shapermc_ecumenical_altar_acropolis

Skill      XL: |  1 |
---------------+----+-----
Long Blades    | 2 |  2.1
Dodging        | 2 |  2.1
Fighting       | |  2.0
Throwing       | |  0.8
Armour         | |  0.8
Spellcasting   | |  2.0
Translocations | |  2.6

Action                   || total
-------------------------++-------
Melee: Falchion          ||    27
Armor: Leather armour    ||    19
Dodge: Dodged            ||    40

Table legend: (Time is in decaauts)
 A = Elapsed time spent in this place.
 B = Non-inter-level travel time spent in this place.
 C = Inter-level travel time spent in this place.
 D = Time resting spent in this place.
 E = Time spent auto-exploring this place.
 F = Levels seen in this place.
 G = Mean time per level.
                   A        B        C        D        E       F      G
               +--------+--------+--------+--------+--------+-----+--------+
         Total |    452 |    452 |      0 |      0 |    383 |   1 |  452.0 |
       Dungeon |    452 |    452 |      0 |      0 |    383 |   1 |  452.0 |
               +--------+--------+--------+--------+--------+-----+--------+

Top non-repeatable levels by time:
     D:1: 452 daAuts
